 Dungeon Crawl Stone Soup version 0.27.1-34-g3ba077fa99 (webtiles) character file.

Game seed: 5773183181571192137

675 Dadi the Skirmisher (level 7, 0/67 HPs)
             Began as a Minotaur Fighter on Jan 4, 2022.
             Slain by Duvessa (13 damage)
             ... on level 4 of the Dungeon.
             The game lasted 00:05:28 (4292 turns).

Dadi the Skirmisher (Minotaur Fighter)              Turns: 4292, Time: 00:05:30

Health: 0/67       AC:  6    Str: 23    XL:     7   Next: 33%
Magic:  6/6        EV:  7    Int:  5    God:
Gold:   206        SH:  9    Dex:  9    Spells: 6/6 levels left

rFire    . . .     SeeInvis .   a - +0 long sword
rCold    . . .     Faith    .   c - +0 kite shield
rNeg     . . .     Spirit   .   b - +0 scale mail
rPois    .         Reflect  .   (helmet restricted)
rElec    .         Harm     .   (no cloak)
rCorr    .         Rampage  .   (no gloves)
Will     .....                  (no boots)
Stlth    ..........             (no amulet)
HPRegen  0.21/turn              (no ring)
MPRegen  0.10/turn              (no ring)

@: lethally poisoned (0 -> -39)
A: horns 2, retaliatory headbutt
a: no special abilities


You were on level 4 of the Dungeon.
You visited 1 branch of the dungeon, and saw 4 of its levels.
You also visited: Sewer.

You collected 206 gold pieces.

Inventory:

Hand Weapons
 a - a +0 long sword (weapon)
Armour
 b - a +0 scale mail (worn)
 c - a +0 kite shield (worn)
Jewellery
 s - a ring of magical power
Scrolls
 e - 4 scrolls of teleportation
 g - a scroll of silence
 h - 2 scrolls of noise {unknown}
 j - a scroll of enchant weapon {unknown}
 k - 3 scrolls of identify {unknown}
 q - a scroll of fear {unknown}
 r - a scroll of blinking {unknown}
 u - a scroll of amnesia {unknown}
Potions
 d - 4 potions of haste {unknown}
 f - a potion of mutation {unknown}
 i - 2 potions of lignification {unknown}
 l - 2 potions of degeneration {unknown}
 m - 4 potions of magic {unknown}
 n - 2 potions of cancellation {unknown}
 o - a potion of heal wounds {unknown}
 p - 2 potions of brilliance {unknown}
 t - a potion of curing {unknown}


   Skills:
 + Level 7.7 Fighting
 + Level 7.2 Long Blades
 - Level 3.6 Armour
 - Level 3.6 Shields


You had 6 spell levels left.
You didn't know any spells.
Your spell library contained the following spells:

 Spells                   Type           Power      Damage    Failure   Level
 Animate Skeleton         Necr           0%         N/A       99%         1
 Pain                     Necr           0%         1d4       99%         1
 Conjure Flame            Conj/Fire      0%         6-21      100%        3
 Gell's Gravitas          Tloc           0%         N/A       100%        3
 Ignite Poison            Fire/Tmut/Pois 0%         N/A       100%        3
 Teleport Other           Tloc           0%         N/A       100%        3
 Vampiric Draining        Necr           0%         2d6       100%        3
 Sticky Flame             Conj/Fire      0%         2d3       100%        4
 Dispersal                Tloc           0%         N/A       100%        6


Dungeon Overview and Level Annotations

Branches:
Dungeon (4/15)              Sewer (visited)
 Temple: D:4-7

Altars:
Gozag

Annotations:
D:4 Duvessa


Innate Abilities, Weirdness & Mutations

You have a pair of horns on your head.
You reflexively headbutt those who attack you in melee.


Message History

You see here an iguana corpse.
Found 9 gold pieces.
No target in view!
h - 2 scrolls labelled ZAXTOO OROUPEAVIUK (gained 1) Duvessa and Dowan come into view.
Duvessa is wielding a +0 rapier of venom.
Dowan laughs at you. "Don't get delusional, you can't win!"
Found a scroll labelled ZAXTOO OROUPEAVIUK, a robe and a scale mail.
Dowan casts a spell at you. The puff of frost hits you!
There are monsters nearby!
Duvessa barely misses you.
You riposte.
You closely miss Duvessa. You headbutt Duvessa, but do no damage.
There are monsters nearby!
You barely miss Duvessa. You headbutt Duvessa, but do no damage.
You block Duvessa's attack. Dowan casts a spell at you.
You resist with some effort. Duvessa closely misses you.
You slash Dowan! You headbutt Dowan.
Dowan is severely wounded.
Dowan barely misses you.
Duvessa hits you with a +0 rapier of venom!
You are poisoned.
Okay, then.
You closely miss Dowan. Your headbutt misses Dowan.
Dowan is severely wounded.
You feel very sick. Dowan hits you with a +0 dagger.
Duvessa hits you with a +0 rapier of venom!
You are more poisoned.
You hit Dowan.
You kill Dowan!
Duvessa weeps, then rights herself and shakes her weapon.
Duvessa goes berserk!
You feel extremely sick.
Duvessa hits you with a +0 rapier of venom!
* * * LOW HITPOINT WARNING * * *
You are more poisoned.
Duvessa hits you with a +0 rapier of venom!
You die...

#.#...... ...
.#[..[.##..
..............
#..#.#.....#.
#..#.#......#
#....#......#
##.#..#..)e..#.# ###
#....>#?..@....#
##...##.....####.#####
..........†.........#
#...###.#......##.$..#
#....##.#......# ......
#.......#............#.
#......##............#
#######.##.#..........#
........##.####.......#


You could see Duvessa (berserk).

Vanquished Creatures
  Grinder (D:3)
  2 kobold brigands (Sewer)
  Dowan (D:4)
  Crazy Yiuf (D:2)
  An orc priest (D:3)
  An iguana (D:4)
  8 adders
  6 river rats (Sewer)
  An ufetubus (D:4)
  A dart slug (D:1)
  5 orcs (D:3)
  4 endoplasms
  A giant cockroach (D:1)
  5 goblins
  4 hobgoblins
  19 kobolds
  7 quokkas
  10 ball pythons
  11 bats
  5 frilled lizards
  47 rats
141 creatures vanquished.

Notes
Turn   | Place    | Note
-------+----------+-------------------------------------------
     0 | D:1      | Dadi the Minotaur Fighter began the quest for the Orb.
     0 | D:1      | Reached XP level 1. HP: 19/19 MP: 0/0
   115 | D:1      | Reached XP level 2. HP: 24/27 MP: 1/1
   734 | D:2      | Reached XP level 3. HP: 33/34 MP: 2/2
  1195 | D:2      | Found a runed translucent door.
  1196 | D:2      | Noticed Crazy Yiuf
  1321 | D:2      | Reached XP level 4. HP: 41/41 MP: 3/3
  1577 | D:2      | Killed Crazy Yiuf
  1578 | D:2      | Reached skill level 5 in Fighting
  1689 | D:3      | Noticed Grinder
  1704 | D:3      | Killed Grinder
  1705 | D:3      | Reached skill level 5 in Long Blades
  1705 | D:3      | Reached XP level 5. HP: 37/51 MP: 4/4
  1705 | D:3      | Reached XP level 6. HP: 42/58 MP: 5/5
  1746 | D:3      | Found a glowing drain.
  1761 | Sewer    | Entered a sewer
  1818 | Sewer    | HP: 1/58 [river rat (4)]
  2724 | Sewer    | Reached XP level 7. HP: 45/66 MP: 6/6
  3678 | D:3      | Found an opulent altar of Gozag.
  4286 | D:4      | Noticed Duvessa
  4286 | D:4      | Noticed Dowan
  4292 | D:4      | Killed Dowan
  4292 | D:4      | Slain by Duvessa

Illustrated notes

Levels and vault maps discovered:
D:1:      erik_arrival_cave_to_civilisation [erik_arrival_cave_to_hall],
          layout_basic
D:2:      layout_basic, uniq_crazy_yiuf_cottage
D:3:      layout_basic, nicolae_overflow_crystal_walls,
          cheibrodos_sewer_entry_sluice, hangedman_decor_push, minmay_rat_hole,
          uniq_grinder
D:4:      layout_basic, uniq_menkaure, uniq_duvessa

Skill      XL: |  1  2  3  4  5  6  7 |
---------------+----------------------+-----
Fighting       | 4 6 7 |  7.7
Long Blades    | 3 4 5 6 7 |  7.2
Armour         | |  3.6
Shields        | |  3.6

Action                   |  1- 3 |  4- 6 |  7- 9 || total
-------------------------+-------+-------+-------++-------
Melee: Long sword        |    77 |   106 |    96 ||   279
       Headbutt          |     8 |    15 |    16 ||    39
  Use: Scroll            |       |     2 |       ||     2
       Potion            |       |     1 |       ||     1
Armor: Scale mail        |    25 |    48 |    24 ||    97
Dodge: Dodged            |    27 |    34 |    34 ||    95
Block: Kite shield       |    39 |    77 |    60 ||   176
       Rpst.: Long sword |     7 |     7 |     6 ||    20
